 Dungeon Crawl Stone Soup version 0.14-a0-30-gf0b6e91 (webtiles) character file.

210 Payway the Charmwright (level 4, -1/33 HPs)
             Began as a Demonspawn Skald on Sept 27, 2013.
             Slain by an orc (3 damage)
             ... on Level 3 of the Dungeon.
             The game lasted 00:13:26 (2987 turns).

Payway the Charmwright (Demonspawn Skald)           Turns: 2987, Time: 00:13:26

HP  -1/33        AC  5     Str 12      XL: 4   Next: 85%
MP   8/8         EV 10     Int 15      God:
Gold 83          SH 14     Dex 12      Spells:  3 memorised,  1 level left

Res.Fire  : + . .   See Invis. : .   a - +0 falchion
Res.Cold  : x . .   Warding    : .   b - +0 leather armour
Life Prot.: . . .   Conserve   : .   l - +1 shield
Res.Poison: .       Res.Corr.  : .   (no helmet)
Res.Elec. : .       Clarity    : .   (no cloak)
Sust.Abil.: + .     Spirit.Shd : .   v - +0 pair of orc gloves
Res.Mut.  : .       Stasis     : .   e - +0 pair of boots
Res.Rott. : .       Flight     : .   (no amulet)
Saprovore : . . .                    i - ring of fire
                                     p - ring of sustain abilities

@: slightly resistant to hostile enchantments, very unstealthy
A: EV +2
a: no special abilities


You were on level 3 of the Dungeon.
You were not hungry.

You visited 1 branch of the dungeon, and saw 3 of its levels.

You collected 63 gold pieces.

Inventory:

Hand weapons
 a - a +0,+0 falchion (weapon)
 g - a +0,+2 sling of flame
Missiles
 o - 37 stones (quivered)
Armour
 b - a +0 leather armour (worn)
 e - a +0 pair of boots (worn)
 l - a +1 shield (worn)
 v - a +0 pair of orcish gloves (worn)
Comestibles
 d - 3 bread rations
 r - a lychee
 s - a meat ration
 u - 4 chunks of orc flesh
Scrolls
 h - a scroll of magic mapping
 j - 3 scrolls of remove curse {unknown}
 k - a scroll of fear {unknown}
 m - 2 scrolls of identify
 q - a scroll of recharging {unknown}
 t - 4 scrolls of teleportation
Jewellery
 i - a ring of fire (right hand)
 p - a ring of sustain abilities (left hand)
Potions
 n - a potion of slowing {unknown}
Books
 c - a book of Battle

   Spells                             Type                      Level
   *Infusion                          Charms                       1
   Shroud of Golubria                 Charms/Translocation         2
   *Song of Slaying                   Charms                       2
   *Spectral Weapon                   Hexes/Charms                 3
   Regeneration                       Charms/Necromancy            3
   Song of Shielding                  Charms                       4


   Skills:
 + Level 2.3 Fighting
 + Level 2.6 Long Blades
 + Level 0.1 Throwing
 + Level 1.9 Armour
 + Level 1.6 Dodging
 + Level 2.4 Spellcasting
 + Level 3.3 Charms


You had one spell level left.
You knew the following spells:

 Your Spells              Type           Power        Failure   Level  Hunger
a - Infusion              Chrm           ##....       63%         1    #......
b - Song of Slaying       Chrm           ##........   85%         2    ##.....
c - Spectral Weapon       Hex/Chrm       #.......     100%        3    ####...


Dungeon Overview and Level Annotations

Branches:
Dungeon (3/27)

Altars:
Trog


Innate Abilities, Weirdness & Mutations

You are surrounded by a mild repulsion field (EV +2).


Message History

The magic dart hits you!
* * * LOW HITPOINT WARNING * * *
Drink which item? (? for menu, Esc to quit)
You feel better. The orc wizard completely misses you. The orc misses you.
You hit the orc wizard but do no damage.
The orc wizard is almost dead.
The orc wizard points at you and mumbles some strange words.
The puff of flame hits you! You resist.
* * * LOW HITPOINT WARNING * * *
The orc completely misses you. The orc wizard closely misses you.
You block the orc's attack.
You hit the orc wizard but do no damage.
The orc wizard is almost dead.
The orc wizard gestures wildly while chanting.
The orc wizard flickers and vanishes!
Deactivating autopickup; reactivate with Ctrl-A.
It hits you.
* * * LOW HITPOINT WARNING * * *
The orc hits you.
You die...

######### #.......# #.#
###########.......# #.#
#.......).........# #.#
#########.........######.#
#................#
#..############..# #..#
#..# #..# #..# #@.# #..#
.......o..# ##########..#
#######................#
#................#
#.#####..........# #.#
#..........# #?#
#..........# #.#
#..........# #.#
#.......)..#


You could see an orc.

Vanquished Creatures
  Ijyb (D:3)
  A gnoll (D:1)
  3 adders
  2 worms
  2 oozes
  3 orcs (D:3)
  10 goblins
  7 hobgoblins
  6 jackals
  7 bats
  3 giant cockroaches
  4 giant newts
  7 kobolds
  3 rats
59 creatures vanquished.

Notes
Turn   | Place    | Note
--------------------------------------------------------------
     0 | D:1      | Payway, the Demonspawn Skald, began the quest for the Orb.
     0 | D:1      | Reached XP level 1. HP: 15/15 MP: 3/3
     7 | D:1      | Reached skill level 1 in Dodging
   279 | D:1      | Reached skill level 1 in Armour
   352 | D:1      | Gained mutation: You are surrounded by a mild repulsion field (EV +2). [demonic ancestry]
   352 | D:1      | Reached XP level 2. HP: 21/21 MP: 5/5
   356 | D:1      | Learned a level 2 spell: Song of Slaying
   388 | D:1      | Reached skill level 3 in Charms
   810 | D:1      | Reached XP level 3. HP: 24/26 MP: 6/6
   857 | D:1      | Learned a level 3 spell: Spectral Weapon
  1215 | D:2      | Found a bloodstained altar of Trog.
  1709 | D:2      | Reached XP level 4. HP: 22/33 MP: 2/8
  2293 | D:3      | Noticed Ijyb
  2318 | D:3      | Killed Ijyb
  2984 | D:3      | HP: 1/33 [orc wizard/magic dart (9)]
  2987 | D:3      | Slain by an orc

Action                   |  1- 3 |  4- 6 || total
-------------------------+-------+-------++-------
Melee: Falchion          |   139 |   111 ||   250
Throw: Stone             |     5 |       ||     5
 Cast: Infusion          |     6 |     2 ||     8
       Song of Slaying   |       |     1 ||     1
  Use: Scroll            |     4 |       ||     4
       Potion            |       |     1 ||     1
